Gangsters vs Mustangs

Created - January 4, 2019 at 19:49

Goals
1 2 3 T
Gangsters 2 2 1 5
Mustangs 4 2 0 6
Shots
1 2 3 T
Gangsters 9 13 10 32
Mustangs 20 14 7 41

1st period

1. Gangsters , Richard Panik 8 (Dave Dziurzynski 26, Maxime Sauvé 31) at 1:29 (PP)
2. Mustangs , Jerome Samson 5 (Jim O'Brien 19, Brady Skjei 21) at 6:08
3. Mustangs , Stefan Matteau 7 (Derek Joslin 13) at 6:40
4. Mustangs , Tomas Tatar 25 (Derek Joslin 14, Andrew Shaw 25) at 11:47
5. Mustangs , JT Compher 13 (Jim O'Brien 20, Jerome Samson 4) at 15:35
6. Gangsters , Richard Panik 9 (Matt Delahey 14, Dave Dziurzynski 27) at 18:01

Penalties :
Curtis Hamilton (Ham) for Tripping (Minor) at 1:21, Stefan Matteau (Ham) for Hooking (Minor) at 1:56, Dave Dziurzynski (Bro) for Hooking (Minor) at 11:52

2nd period

7. Gangsters , Brett Ponich 5 (Alexander Wennberg 21, Morgan Ellis 12) at 9:46
8. Mustangs , Stefan Matteau 8 (Josh Jooris 5, Brady Skjei 22) at 14:36
9. Mustangs , Josh Jooris 4 (Brady Skjei 23, Derek Joslin 15) at 17:24
10. Gangsters , Austen Brassard 1 (Seth Griffith 4, Maxime Sauvé 32) at 18:59

Penalties :
No Penalty

3rd period

11. Gangsters , Richard Panik 10 (Derrick Pouliot 5, Maxime Sauvé 33) at 6:00

Penalties :
Scott Mayfield (Ham) for Interference (Minor) at 8:47, Ben Harpur (Ham) for Goalie Interference (Minor) at 16:54

Goalie Stats

Mike Condon (Bro), 21 saves from 23 shots - (0.913), L, 5-3-0, 43:28 minutes
Dustin Tokarski (Bro), 14 saves from 18 shots - (0.778), 15:35 minutes
Chet Pickard (Ham), 27 saves from 32 shots - (0.844), W, 15-5-3, 60:00 minutes

Players Stats for Gangsters

Player Name              G  A  P  +/- PIM S  H  SB GA TA FO     MP     PP MP  PK MP  
------------------------------------------------------------------------------------
Alexander Wennberg       0  1  1   0  0   1  0  1  1  0  3/9    14:42   0:00   0:37 
Austen Brassard          1  0  1   1  0   1  0  1  0  0  0/0     6:12   0:16   0:00 
Brett Ponich             1  0  1   0  0   2  2  0  1  1  0/0    20:06   2:56   0:59 
Dave Dziurzynski         0  2  2   0  2   2  0  0  0  0  1/2    20:33   3:18   0:00 
David Pope               0  0  0  -3  0   1  0  0  1  0  2/2    17:13   2:31   0:24 
Derrick Pouliot          0  1  1  -1  0   1  1  0  0  1  0/0    12:24   0:00   0:00 
Jonas Brodin             0  0  0  -1  0   1  0  0  0  1  0/0    12:24   0:00   0:00 
Kevin Roy                0  0  0   0  0   0  0  0  0  0  0/0     2:52   0:16   0:00 
Matt Delahey             0  1  1  -1  0   2  2  2  1  0  0/0    27:30   3:09   1:00 
Maxime Sauvé             0  3  3   1  0   3  0  1  1  0  13/26  25:21   3:18   0:58 
Morgan Ellis             0  1  1   0  0   1  2  1  1  1  0/0    20:06   2:56   0:59 
Patrik Nemeth            0  0  0  -1  0   2  0  1  0  3  0/0    27:30   3:09   1:00 
Phillip Danault          0  0  0   0  0   1  1  0  0  1  0/0    14:40   0:00   0:24 
Richard Panik            3  0  3   0  0   8  1  1  1  0  2/2    21:32   3:18   0:58 
Sebastian Collberg       0  0  0   0  0   2  0  0  0  0  0/0    14:05   0:00   0:00 
Seth Griffith            0  1  1   1  0   1  2  0  0  0  1/1     6:33   0:16   0:00 
Stefan Noesen            0  0  0  -3  0   2  2  0  0  0  0/0    16:47   2:31   0:00 
Tomas Hertl              0  0  0  -3  0   1  2  0  0  0  5/12   17:30   2:31   0:37 

Players Stats for Mustangs

Player Name              G  A  P  +/- PIM S  H  SB GA TA FO     MP     PP MP  PK MP  
------------------------------------------------------------------------------------
Alexei Marchenko         0  0  0   1  0   1  0  1  1  0  0/0    20:54   0:43   2:11 
Andrew Shaw              0  1  1   0  0   6  2  1  0  0  1/1    22:46   1:05   3:09 
Ben Harpur               0  0  0   0  2   0  0  0  0  0  0/0    12:38   0:00   0:00 
Brady Skjei              0  3  3   1  0   5  3  3  2  1  0/0    27:00   1:16   3:30 
Curtis Hamilton          0  0  0   0  2   0  0  0  0  0  0/0     8:00   0:00   0:00 
Derek Joslin             0  3  3   1  0   2  4  2  1  5  0/0    26:12   1:16   3:30 
Francis Paré             0  0  0   0  0   2  1  0  0  0  0/0     8:01   0:00   0:00 
Jerome Samson            1  1  2   0  0   4  0  0  0  0  0/0    11:36   0:00   0:00 
Jim O'Brien              0  2  2   0  0   1  0  0  0  0  2/3    13:23   0:00   1:13 
Josh Jooris              1  1  2   2  0   2  4  0  1  0  1/1    14:52   0:54   0:24 
Joshua Leivo             0  0  0   2  0   2  0  0  0  0  0/1    14:50   0:54   0:25 
JT Compher               1  0  1   0  0   3  1  1  0  0  1/1    11:36   0:00   0:00 
Mark Pysyk               0  0  0   1  0   2  1  2  1  1  0/0    20:01   0:43   2:11 
Melker Karlsson          0  0  0   0  0   6  5  0  0  0  13/30  22:39   1:05   3:09 
Michael McCarron         0  0  0   0  0   0  1  0  0  0  1/2     8:14   0:00   0:12 
Scott Mayfield           0  0  0   0  2   0  1  1  0  0  0/0    13:23   0:00   0:24 
Stefan Matteau           2  0  2   2  2   3  3  1  0  0  7/14   15:44   0:54   1:31 
Tomas Tatar              1  0  1   0  0   2  1  1  2  0  1/1    22:02   1:05   2:31 

3 Stars

1 - Richard Panik (Bro)
2 - Stefan Matteau (Ham)
3 - Josh Jooris (Ham)

Power Play

Gangsters - 1 on 4 Attempt(s) - 25.00%
Mustangs - 0 on 1 Attempt(s) - 0.00%

Penalty Kill

Gangsters - 1 on 1 Attempt(s) - 100.00% - Score 0 goal in Penalty Kill
Mustangs - 3 on 4 Attempt(s) - 75.00% - Score 0 goal in Penalty Kill

Team Stat

Gangsters - Hits : 15 - Faceoff Wins : 27 - Blocked Shots : 8 - Penalty Minutes : 2
Mustangs - Hits : 27 - Faceoff Wins : 27 - Blocked Shots : 13 - Penalty Minutes : 8

Official

Referees : Unknown
Linesman : Unknown

Game Notes

Mike Condon enters game at 15:35 of 1st period
Richard Panik has scored a Hat Trick!

Finance

Level 1 -- Attendance: 1359 (67.95%) -- Ticket Income $54,360
Level 2 -- Attendance: 726 (72.60%) -- Ticket Income $14,520
Total Attendance: 2085 (69.50%)
Total Ticket Income: $68,880
Other Income: $3,444
Total Income: $72,324

Gangsters

5 vs 5 Forward 
   Center                   Left Wing                Right Wing               Time % Phy DF OF 
 1 Maxime Sauvé             Dave Dziurzynski         Richard Panik            40     1   2  2  
 2 Tomas Hertl              David Pope               Stefan Noesen            30     1   2  2  
 3 Alexander Wennberg       Phillip Danault          Sebastian Collberg       20     1   2  2  
 4 Seth Griffith            Maxime Sauvé             Austen Brassard          10     1   2  2  

5 vs 5 Defense 
   Defense                  Defense                                           Time % Phy DF OF 
 1 Patrik Nemeth            Matt Delahey                                      40     1   2  2  
 2 Brett Ponich             Morgan Ellis                                      30     1   2  2  
 3 Jonas Brodin             Derrick Pouliot                                   20     1   2  2  
 4 Patrik Nemeth            Matt Delahey                                      10     1   2  2  

PowerPlay Forward 
   Center                   Left Wing                Right Wing               Time % Phy DF OF 
 1 Maxime Sauvé             Dave Dziurzynski         Richard Panik            60     1   2  2  
 2 Tomas Hertl              David Pope               Stefan Noesen            40     1   2  2  

PowerPlay Defense
   Defense                  Defense                                           Time % Phy DF OF 
 1 Patrik Nemeth            Matt Delahey                                      60     1   2  2  
 2 Brett Ponich             Morgan Ellis                                      40     1   2  2  

Penalty Kill 4 Players Forward 
   Center                   Wing                     Time % Phy DF OF 
 1 Maxime Sauvé             Richard Panik            60     1   2  2  
 2 Tomas Hertl              Alexander Wennberg       40     1   2  2  

Penalty Kill 4 Players Defense
   Defense                  Defense                  Time % Phy DF OF 
 1 Patrik Nemeth            Matt Delahey             60     1   2  2  
 2 Brett Ponich             Morgan Ellis             40     1   2  2  

Penalty Kill - 3 Players Forward 
   Forward                                           Time % Phy DF OF 
 1 Maxime Sauvé                                      60     1   2  2  
 2 Richard Panik                                     40     1   2  2  

Penalty Kill - 3 Players Defense
   Defense                  Defense                  Time % Phy DF OF 
 1 Patrik Nemeth            Matt Delahey             60     1   2  2  
 2 Brett Ponich             Morgan Ellis             40     1   2  2  

4 vs 4 Forward 
   Center                   Wing                     Time % Phy DF OF 
 1 Maxime Sauvé             Richard Panik            60     1   2  2  
 2 Tomas Hertl              Alexander Wennberg       40     1   2  2  

4 vs 4 Defense
   Defense                  Defense                  Time % Phy DF OF 
 1 Patrik Nemeth            Matt Delahey             60     1   2  2  
 2 Brett Ponich             Morgan Ellis             40     1   2  2  

Last Minutes Offensive
   Center                   Left Wing                Right Wing               Defense                  Defense                  
   Maxime Sauvé             Dave Dziurzynski         Richard Panik            Patrik Nemeth            Matt Delahey             

Last Minutes Defensive
   Center                   Left Wing                Right Wing               Defense                  Defense                  
   Maxime Sauvé             Dave Dziurzynski         Richard Panik            Patrik Nemeth            Matt Delahey             

Goaltenders
Starting : Dustin Tokarski          
Backup : Mike Condon              

Extra Forwards
Normal : Kevin Roy, Seth Griffith, Phillip Danault - PP : Kevin Roy, Seth Griffith - PK : Phillip Danault
Extra Defensemen
Normal : Jonas Brodin, Derrick Pouliot, Brett Ponich - PP : Jonas Brodin - PK : Derrick Pouliot, Brett Ponich
Penalty Shots
Maxime Sauvé, Richard Panik, Tomas Hertl, Alexander Wennberg, Dave Dziurzynski

Scratches
Jordan Subban (Healthy), Ryan Culkin (Healthy), Devante Smith-Pelly (Bruised Left Foot Injury), Steven Santini (Healthy), Jordan Binnington (Healthy)

Mustangs

5 vs 5 Forward 
   Center                   Left Wing                Right Wing               Time % Phy DF OF 
 1 Melker Karlsson          Tomas Tatar              Andrew Shaw              40     1   2  2  
 2 Stefan Matteau           Joshua Leivo             Josh Jooris              30     1   2  2  
 3 Jim O'Brien              JT Compher               Jerome Samson            20     1   2  2  
 4 Michael McCarron         Curtis Hamilton          Francis Paré             10     1   2  2  

5 vs 5 Defense 
   Defense                  Defense                                           Time % Phy DF OF 
 1 Brady Skjei              Derek Joslin                                      44     1   2  2  
 2 Mark Pysyk               Alexei Marchenko                                  33     1   2  2  
 3 Scott Mayfield           Ben Harpur                                        23     1   2  2  
 4 Brady Skjei              Alexei Marchenko                                  0      1   2  2  

PowerPlay Forward 
   Center                   Left Wing                Right Wing               Time % Phy DF OF 
 1 Melker Karlsson          Tomas Tatar              Andrew Shaw              60     1   2  2  
 2 Stefan Matteau           Joshua Leivo             Josh Jooris              40     1   2  2  

PowerPlay Defense
   Defense                  Defense                                           Time % Phy DF OF 
 1 Brady Skjei              Derek Joslin                                      60     1   2  2  
 2 Mark Pysyk               Alexei Marchenko                                  40     1   2  2  

Penalty Kill 4 Players Forward 
   Center                   Wing                     Time % Phy DF OF 
 1 Melker Karlsson          Andrew Shaw              60     1   2  2  
 2 Stefan Matteau           Tomas Tatar              40     1   2  2  

Penalty Kill 4 Players Defense
   Defense                  Defense                  Time % Phy DF OF 
 1 Brady Skjei              Derek Joslin             60     1   2  2  
 2 Mark Pysyk               Alexei Marchenko         40     1   2  2  

Penalty Kill - 3 Players Forward 
   Forward                                           Time % Phy DF OF 
 1 Melker Karlsson                                   60     1   2  2  
 2 Tomas Tatar                                       40     1   2  2  

Penalty Kill - 3 Players Defense
   Defense                  Defense                  Time % Phy DF OF 
 1 Brady Skjei              Derek Joslin             60     1   2  2  
 2 Mark Pysyk               Alexei Marchenko         40     1   2  2  

4 vs 4 Forward 
   Center                   Wing                     Time % Phy DF OF 
 1 Melker Karlsson          Tomas Tatar              60     1   2  2  
 2 Stefan Matteau           Joshua Leivo             40     1   2  2  

4 vs 4 Defense
   Defense                  Defense                  Time % Phy DF OF 
 1 Brady Skjei              Derek Joslin             60     1   2  2  
 2 Mark Pysyk               Alexei Marchenko         40     1   2  2  

Last Minutes Offensive
   Center                   Left Wing                Right Wing               Defense                  Defense                  
   Melker Karlsson          Tomas Tatar              Andrew Shaw              Brady Skjei              Alexei Marchenko         

Last Minutes Defensive
   Center                   Left Wing                Right Wing               Defense                  Defense                  
   Melker Karlsson          Tomas Tatar              Andrew Shaw              Brady Skjei              Alexei Marchenko         

Goaltenders
Starting : Chet Pickard             
Backup : Joacim Eriksson          

Extra Forwards
Normal : Melker Karlsson, Stefan Matteau, Jim O'Brien - PP : Tomas Tatar, Joshua Leivo - PK : Melker Karlsson
Extra Defensemen
Normal : Brady Skjei, Mark Pysyk, Scott Mayfield - PP : Brady Skjei - PK : Alexei Marchenko, Scott Mayfield
Penalty Shots
Andrew Shaw, Joshua Leivo, JT Compher, Melker Karlsson, Stefan Matteau

Scratches
Ryan Graves (Healthy), Eric Knodel (Healthy), Matthew Finn (Healthy), Danny Biega (Healthy), Kurtis Gabriel (Healthy)
Raphael Bussieres (Healthy), Dakota Mermis (Healthy), Sam Kurker (Healthy), Max Gortz (Healthy), Riley Nash (Healthy)
Anthony Stolarz (Healthy)

% Time on Ice - Gangsters

Lines # - Real PCT - Wanted PCT - Time Play
Normal Forward
1 - 32% - 40% - 16:20
2 - 29% - 30% - 14:39
3 - 28% - 20% - 14:05
4 - 11% - 10% - 5:51
Normal Defense
1 - 39% - 40% - 19:41
2 - 32% - 30% - 16:11
3 - 22% - 20% - 11:27
4 - 7% - 10% - 3:36
PP Forward
1 - 59% - 60% - 3:34
2 - 41% - 40% - 2:31
PP Defense
1 - 52% - 60% - 3:09
2 - 48% - 40% - 2:56
PK Forward
1 - 69% - 60% - 1:22
2 - 31% - 40% - 0:37
PK Defense
1 - 50% - 60% - 1:00
2 - 50% - 40% - 0:59
PK3 Forward
1 - 0% - 60%
2 - 0% - 40%
PK3 Defense
1 - 0% - 60%
2 - 0% - 40%
44 Forward
1 - 0% - 60%
2 - 0% - 40%
44 Defense
1 - 0% - 60%
2 - 0% - 40%
Last Minute Offensive  - 1:01
Last Minute Defensive  - 0:00
Total
Forward - 60:00
Defense - 60:00

% Time on Ice - Mustangs

Lines # - Real PCT - Wanted PCT - Time Play
Normal Forward
1 - 35% - 40% - 18:05
2 - 26% - 30% - 13:20
3 - 23% - 20% - 11:36
4 - 16% - 10% - 8:01
Normal Defense
1 - 42% - 44% - 21:26
2 - 34% - 33% - 17:18
3 - 24% - 23% - 12:13
4 - 0% - 0% - 0:05
PP Forward
1 - 55% - 60% - 1:05
2 - 45% - 40% - 0:54
PP Defense
1 - 64% - 60% - 1:16
2 - 36% - 40% - 0:43
PK Forward
1 - 71% - 60% - 4:19
2 - 29% - 40% - 1:46
PK Defense
1 - 64% - 60% - 3:54
2 - 36% - 40% - 2:11
PK3 Forward
1 - 0% - 60%
2 - 0% - 40%
PK3 Defense
1 - 0% - 60%
2 - 0% - 40%
44 Forward
1 - 0% - 60%
2 - 0% - 40%
44 Defense
1 - 0% - 60%
2 - 0% - 40%
Last Minute Offensive  - 0:00
Last Minute Defensive  - 0:54
Total
Forward - 60:00
Defense - 60:00

Play-by-Play

1st period


0:01 of 1st period - Maxime Sauvé wins face-off versus Melker Karlsson in neutral zone.
0:32 of 1st period - Wrist shot by Stefan Noesen.
0:32 of 1st period - Shot Misses the Net.
1:21 of 1st period - Minor Penalty to Curtis Hamilton for Tripping.
1:22 of 1st period - Maxime Sauvé wins face-off versus Melker Karlsson in Mustangs zone.
1:29 of 1st period - Snap shot by Richard Panik.
1:29 of 1st period - Goal by Richard Panik - Gangsters : 1 - Mustangs : 0.
1:30 of 1st period - Melker Karlsson wins face-off versus Maxime Sauvé in neutral zone.
1:56 of 1st period - Minor Penalty to Stefan Matteau for Hooking.
1:57 of 1st period - Melker Karlsson wins face-off versus Maxime Sauvé in Mustangs zone.
3:47 of 1st period - Brett Ponich is hit by Michael McCarron.
3:51 of 1st period - Derek Joslin is hit by Tomas Hertl and loses puck.
3:56 of 1st period - Penalty to Stefan Matteau is over, Stefan Matteau is back on ice.
5:51 of 1st period - Seth Griffith is hit by Stefan Matteau and loses puck.
6:04 of 1st period - Snap shot by Jim O'Brien.
6:04 of 1st period - Shot Misses the Net.
6:06 of 1st period - Snap shot by Jim O'Brien.
6:06 of 1st period - Shot Misses the Net.
6:08 of 1st period - Snap shot by Jerome Samson.
6:08 of 1st period - Goal by Jerome Samson - Gangsters : 1 - Mustangs : 1.
6:09 of 1st period - Tomas Hertl wins face-off versus Melker Karlsson in neutral zone.
6:14 of 1st period - Tomas Hertl is hit by Derek Joslin and loses puck.
6:19 of 1st period - Slapshot by Melker Karlsson.
6:19 of 1st period - Shot Misses the Net.
6:21 of 1st period - Slapshot by Derek Joslin.
6:21 of 1st period - Shot Blocked by Morgan Ellis.
6:40 of 1st period - Wrist shot by Stefan Matteau.
6:40 of 1st period - Goal by Stefan Matteau - Gangsters : 1 - Mustangs : 2.
6:41 of 1st period - Maxime Sauvé wins face-off versus Melker Karlsson in neutral zone.
6:43 of 1st period - Off-side.
6:44 of 1st period - Melker Karlsson wins face-off versus Maxime Sauvé in neutral zone.
6:51 of 1st period - Slapshot by Melker Karlsson.
6:51 of 1st period - Shot Misses the Net.
6:53 of 1st period - Snap shot by Melker Karlsson.
6:53 of 1st period - Deflect By Tomas Tatar.
6:53 of 1st period - Shot Misses the Net.
6:53 of 1st period - Puck is out of play.
6:54 of 1st period - Maxime Sauvé wins face-off versus Melker Karlsson in Gangsters zone.
6:56 of 1st period - Icing by Dave Dziurzynski.
6:57 of 1st period - Melker Karlsson wins face-off versus Maxime Sauvé in Gangsters zone.
7:00 of 1st period - Wrist shot by Andrew Shaw.
7:00 of 1st period - Stopped by Dustin Tokarski without a rebound.
7:01 of 1st period - Melker Karlsson wins face-off versus Maxime Sauvé in Gangsters zone.
7:02 of 1st period - Snap shot by Andrew Shaw.
7:02 of 1st period - Stopped by Dustin Tokarski without a rebound.
7:03 of 1st period - Melker Karlsson wins face-off versus Dave Dziurzynski in Gangsters zone.
7:07 of 1st period - Icing by Patrik Nemeth.
7:08 of 1st period - Richard Panik wins face-off versus Melker Karlsson in Gangsters zone.
7:17 of 1st period - Wrist shot by Richard Panik.
7:17 of 1st period - Shot Blocked by Derek Joslin.
7:42 of 1st period - Snap shot by Maxime Sauvé.
7:42 of 1st period - Deflect By Dave Dziurzynski.
7:42 of 1st period - Shot Blocked by Stefan Matteau.
7:42 of 1st period - Puck is out of play.
7:43 of 1st period - Tomas Tatar wins face-off versus Tomas Hertl in Mustangs zone.
7:54 of 1st period - Slapshot by Melker Karlsson.
7:54 of 1st period - Stopped by Dustin Tokarski with a rebound.
7:56 of 1st period - Snap shot by Melker Karlsson.
7:56 of 1st period - Stopped by Dustin Tokarski without a rebound.
7:57 of 1st period - Jim O'Brien wins face-off versus Tomas Hertl in Gangsters zone.
8:06 of 1st period - Wrist shot by Jim O'Brien.
8:06 of 1st period - Stopped by Dustin Tokarski with a rebound.
8:08 of 1st period - Slapshot by Mark Pysyk.
8:08 of 1st period - Stopped by Dustin Tokarski with a rebound.
8:22 of 1st period - Patrik Nemeth is hit by Melker Karlsson and loses puck.
9:01 of 1st period - Tomas Hertl is hit by Derek Joslin and loses puck.
9:28 of 1st period - Wrist shot by Jerome Samson.
9:28 of 1st period - Shot Misses the Net.
9:30 of 1st period - Snap shot by Jim O'Brien.
9:30 of 1st period - Shot Blocked by Patrik Nemeth.
9:44 of 1st period - Snap shot by Sebastian Collberg.
9:44 of 1st period - Stopped by Chet Pickard with a rebound.
9:46 of 1st period - Slapshot by Patrik Nemeth.
9:46 of 1st period - Stopped by Chet Pickard with a rebound.
10:22 of 1st period - Snap shot by Francis Paré.
10:22 of 1st period - Stopped by Dustin Tokarski with a rebound.
10:55 of 1st period - Wrist shot by Andrew Shaw.
10:55 of 1st period - Stopped by Dustin Tokarski without a rebound.
10:56 of 1st period - Melker Karlsson wins face-off versus Alexander Wennberg in Gangsters zone.
11:05 of 1st period - Wrist shot by Melker Karlsson.
11:05 of 1st period - Stopped by Dustin Tokarski without a rebound.
11:06 of 1st period - Melker Karlsson wins face-off versus Alexander Wennberg in Gangsters zone.
11:07 of 1st period - Snap shot by Tomas Tatar.
11:07 of 1st period - Shot Misses the Net.
11:39 of 1st period - Snap shot by Melker Karlsson.
11:39 of 1st period - Stopped by Dustin Tokarski with a rebound.
11:41 of 1st period - Slapshot by Derek Joslin.
11:41 of 1st period - Shot Misses the Net.
11:43 of 1st period - Snap shot by Andrew Shaw.
11:43 of 1st period - Stopped by Dustin Tokarski with a rebound.
11:45 of 1st period - Snap shot by Derek Joslin.
11:45 of 1st period - Stopped by Dustin Tokarski with a rebound.
11:47 of 1st period - Snap shot by Tomas Tatar.
11:47 of 1st period - Goal by Tomas Tatar - Gangsters : 1 - Mustangs : 3.
11:48 of 1st period - Stefan Matteau wins face-off versus Maxime Sauvé in neutral zone.
11:52 of 1st period - Minor Penalty to Dave Dziurzynski for Hooking.
11:53 of 1st period - Maxime Sauvé wins face-off versus Melker Karlsson in Gangsters zone.
11:57 of 1st period - Wrist shot by Tomas Tatar.
11:57 of 1st period - Stopped by Dustin Tokarski with a rebound.
12:28 of 1st period - Slapshot by Brady Skjei.
12:28 of 1st period - Shot Misses the Net.
12:30 of 1st period - Slapshot by Derek Joslin.
12:30 of 1st period - Shot Blocked by Alexander Wennberg.
13:01 of 1st period - Joshua Leivo is hit by Brett Ponich and loses puck.
13:52 of 1st period - Penalty to Dave Dziurzynski is over, Dave Dziurzynski is back on ice.
14:16 of 1st period - Snap shot by Maxime Sauvé.
14:16 of 1st period - Shot Misses the Net.
14:18 of 1st period - Slapshot by Patrik Nemeth.
14:18 of 1st period - Stopped by Chet Pickard without a rebound.
14:19 of 1st period - Michael McCarron wins face-off versus Tomas Hertl in Mustangs zone.
14:19 of 1st period - Michael McCarron is hit by Tomas Hertl.
14:36 of 1st period - Off-side.
14:37 of 1st period - Stefan Matteau wins face-off versus Alexander Wennberg in neutral zone.
14:40 of 1st period - Backhand shot by Joshua Leivo.
14:40 of 1st period - Shot Misses the Net.
15:02 of 1st period - David Pope is hit by Melker Karlsson and loses puck.
15:09 of 1st period - Slapshot by Brett Ponich.
15:09 of 1st period - Deflect By Tomas Hertl.
15:09 of 1st period - Stopped by Chet Pickard with a rebound.
15:33 of 1st period - Snap shot by JT Compher.
15:33 of 1st period - Stopped by Dustin Tokarski with a rebound.
15:35 of 1st period - Slapshot by JT Compher.
15:35 of 1st period - Goal by JT Compher - Gangsters : 1 - Mustangs : 4.
15:35 of 1st period - Mike Condon enters game.
15:36 of 1st period - Maxime Sauvé wins face-off versus Melker Karlsson in neutral zone.
15:39 of 1st period - Snap shot by Richard Panik.
15:39 of 1st period - Stopped by Chet Pickard without a rebound.
15:40 of 1st period - Maxime Sauvé wins face-off versus Melker Karlsson in Mustangs zone.
15:45 of 1st period - Wrist shot by Dave Dziurzynski.
15:45 of 1st period - Stopped by Chet Pickard without a rebound.
15:46 of 1st period - Melker Karlsson wins face-off versus Maxime Sauvé in Mustangs zone.
15:55 of 1st period - Snap shot by Maxime Sauvé.
15:55 of 1st period - Shot Misses the Net.
16:23 of 1st period - Snap shot by Dave Dziurzynski.
16:23 of 1st period - Shot Blocked by Brady Skjei.
16:55 of 1st period - Slapshot by Andrew Shaw.
16:55 of 1st period - Stopped by Mike Condon with a rebound.
16:57 of 1st period - Wrist shot by Derek Joslin.
16:57 of 1st period - Shot Misses the Net.
16:59 of 1st period - Wrist shot by Melker Karlsson.
16:59 of 1st period - Stopped by Mike Condon with a rebound.
17:01 of 1st period - Slapshot by Brady Skjei.
17:01 of 1st period - Shot Blocked by Richard Panik.
17:46 of 1st period - Patrik Nemeth is hit by Melker Karlsson and loses puck.
17:59 of 1st period - Snap shot by Dave Dziurzynski.
17:59 of 1st period - Shot Blocked by Andrew Shaw.
18:01 of 1st period - Snap shot by Matt Delahey.
18:01 of 1st period - Deflect By Richard Panik.
18:01 of 1st period - Goal by Richard Panik - Gangsters : 2 - Mustangs : 4.
18:02 of 1st period - Tomas Hertl wins face-off versus Stefan Matteau in neutral zone.
18:11 of 1st period - Snap shot by Stefan Noesen.
18:11 of 1st period - Shot Misses the Net.
18:57 of 1st period - Wrist shot by Mark Pysyk.
18:57 of 1st period - Shot Misses the Net.
19:35 of 1st period - Icing by Scott Mayfield.
19:36 of 1st period - Alexander Wennberg wins face-off versus Michael McCarron in Mustangs zone.
19:39 of 1st period - Slapshot by Phillip Danault.
19:39 of 1st period - Stopped by Chet Pickard with a rebound.
19:57 of 1st period - Off-side.
19:58 of 1st period - Seth Griffith wins face-off versus Stefan Matteau in neutral zone.
Goals for this period are 2 for Gangsters vs 4 for Mustangs.
Shots for this period are 9 for Gangsters vs 20 for Mustangs.

2nd period


0:01 of 2nd period - Tomas Hertl wins face-off versus Joshua Leivo in neutral zone.
0:26 of 2nd period - Tomas Tatar is hit by Matt Delahey.
2:29 of 2nd period - Wrist shot by Joshua Leivo.
2:29 of 2nd period - Stopped by Mike Condon with a rebound.
2:48 of 2nd period - Matt Delahey is hit by Scott Mayfield and loses puck.
2:53 of 2nd period - Snap shot by Brady Skjei.
2:53 of 2nd period - Stopped by Mike Condon without a rebound.
2:54 of 2nd period - Tomas Hertl wins face-off versus Melker Karlsson in Gangsters zone.
3:09 of 2nd period - Wrist shot by Andrew Shaw.
3:09 of 2nd period - Stopped by Mike Condon without a rebound.
3:10 of 2nd period - Stefan Matteau wins face-off versus Alexander Wennberg in Gangsters zone.
3:16 of 2nd period - Off-side.
3:17 of 2nd period - Stefan Matteau wins face-off versus Alexander Wennberg in neutral zone.
3:43 of 2nd period - Icing by Matt Delahey.
3:44 of 2nd period - Melker Karlsson wins face-off versus Maxime Sauvé in Gangsters zone.
3:55 of 2nd period - Wrist shot by Melker Karlsson.
3:55 of 2nd period - Stopped by Mike Condon with a rebound.
4:32 of 2nd period - Stefan Noesen is hit by Derek Joslin and loses puck.
4:57 of 2nd period - Snap shot by Richard Panik.
4:57 of 2nd period - Stopped by Chet Pickard with a rebound.
4:59 of 2nd period - Snap shot by Richard Panik.
4:59 of 2nd period - Stopped by Chet Pickard with a rebound.
5:01 of 2nd period - Wrist shot by Maxime Sauvé.
5:01 of 2nd period - Shot Misses the Net.
5:03 of 2nd period - Wrist shot by Maxime Sauvé.
5:03 of 2nd period - Shot Misses the Net.
5:05 of 2nd period - Snap shot by Maxime Sauvé.
5:05 of 2nd period - Shot Blocked by Alexei Marchenko.
5:49 of 2nd period - Snap shot by Richard Panik.
5:49 of 2nd period - Stopped by Chet Pickard with a rebound.
6:20 of 2nd period - Stefan Noesen is hit by Brady Skjei.
6:51 of 2nd period - Wrist shot by Jerome Samson.
6:51 of 2nd period - Shot Misses the Net.
7:25 of 2nd period - David Pope is hit by Josh Jooris and loses puck.
8:20 of 2nd period - Derek Joslin is hit by Seth Griffith and loses puck.
8:33 of 2nd period - Tomas Tatar is hit by Stefan Noesen and loses puck.
8:50 of 2nd period - Snap shot by Alexander Wennberg.
8:50 of 2nd period - Shot Misses the Net.
8:52 of 2nd period - Slapshot by Brett Ponich.
8:52 of 2nd period - Shot Misses the Net.
9:34 of 2nd period - Slapshot by Matt Delahey.
9:34 of 2nd period - Deflect By Mark Pysyk.
9:34 of 2nd period - Stopped by Chet Pickard without a rebound.
9:35 of 2nd period - JT Compher wins face-off versus Alexander Wennberg in Mustangs zone.
9:35 of 2nd period - JT Compher is hit by Brett Ponich.
9:46 of 2nd period - Slapshot by Brett Ponich.
9:46 of 2nd period - Goal by Brett Ponich - Gangsters : 3 - Mustangs : 4.
9:47 of 2nd period - Andrew Shaw wins face-off versus Maxime Sauvé in neutral zone.
9:52 of 2nd period - Slapshot by Derek Joslin.
9:52 of 2nd period - Stopped by Mike Condon with a rebound.
10:14 of 2nd period - Tomas Hertl is hit by Brady Skjei and loses puck.
10:39 of 2nd period - Wrist shot by Alexander Wennberg.
10:39 of 2nd period - Shot Hit the Post.
10:41 of 2nd period - Wrist shot by Brett Ponich.
10:41 of 2nd period - Stopped by Chet Pickard without a rebound.
10:42 of 2nd period - Alexander Wennberg wins face-off versus Melker Karlsson in Mustangs zone.
11:42 of 2nd period - Slapshot by Brady Skjei.
11:42 of 2nd period - Stopped by Mike Condon with a rebound.
11:44 of 2nd period - Snap shot by JT Compher.
11:44 of 2nd period - Stopped by Mike Condon without a rebound.
11:45 of 2nd period - Stefan Matteau wins face-off versus Maxime Sauvé in Gangsters zone.
11:56 of 2nd period - Slapshot by Brett Ponich.
11:56 of 2nd period - Shot Blocked by Mark Pysyk.
11:58 of 2nd period - Slapshot by Brett Ponich.
11:58 of 2nd period - Deflect By Dave Dziurzynski.
11:58 of 2nd period - Shot Hit the Post.
11:58 of 2nd period - Puck is out of play.
11:59 of 2nd period - Maxime Sauvé wins face-off versus Melker Karlsson in Mustangs zone.
12:06 of 2nd period - Snap shot by Richard Panik.
12:06 of 2nd period - Deflect By Maxime Sauvé.
12:06 of 2nd period - Shot Blocked by Tomas Tatar.
12:06 of 2nd period - Puck is out of play.
12:07 of 2nd period - Maxime Sauvé wins face-off versus Melker Karlsson in Mustangs zone.
13:25 of 2nd period - Snap shot by Tomas Tatar.
13:25 of 2nd period - Shot Blocked by Maxime Sauvé.
13:51 of 2nd period - Wrist shot by Tomas Tatar.
13:51 of 2nd period - Shot Blocked by Matt Delahey.
13:53 of 2nd period - Slapshot by Tomas Tatar.
13:53 of 2nd period - Shot Misses the Net.
13:55 of 2nd period - Snap shot by Mark Pysyk.
13:55 of 2nd period - Shot Blocked by Matt Delahey.
13:57 of 2nd period - Slapshot by Alexei Marchenko.
13:57 of 2nd period - Stopped by Mike Condon without a rebound.
13:58 of 2nd period - David Pope wins face-off versus Stefan Matteau in Gangsters zone.
13:58 of 2nd period - Stefan Noesen is hit by Brady Skjei and loses puck.
14:09 of 2nd period - Wrist shot by David Pope.
14:09 of 2nd period - Shot Misses the Net.
14:11 of 2nd period - Wrist shot by Morgan Ellis.
14:11 of 2nd period - Stopped by Chet Pickard with a rebound.
14:13 of 2nd period - Slapshot by Brett Ponich.
14:13 of 2nd period - Deflect By Stefan Noesen.
14:13 of 2nd period - Stopped by Chet Pickard without a rebound.
14:14 of 2nd period - Alexander Wennberg wins face-off versus Jim O'Brien in Mustangs zone.
14:15 of 2nd period - Snap shot by Sebastian Collberg.
14:15 of 2nd period - Shot Misses the Net.
14:28 of 2nd period - Off-side.
14:29 of 2nd period - Stefan Matteau wins face-off versus Tomas Hertl in neutral zone.
14:32 of 2nd period - Slapshot by Brady Skjei.
14:32 of 2nd period - Stopped by Mike Condon with a rebound.
14:34 of 2nd period - Snap shot by Josh Jooris.
14:34 of 2nd period - Shot Misses the Net.
14:36 of 2nd period - Slapshot by Stefan Matteau.
14:36 of 2nd period - Goal by Stefan Matteau - Gangsters : 3 - Mustangs : 5.
14:37 of 2nd period - David Pope wins face-off versus Stefan Matteau in neutral zone.
15:29 of 2nd period - Wrist shot by Seth Griffith.
15:29 of 2nd period - Stopped by Chet Pickard with a rebound.
16:54 of 2nd period - Snap shot by Brady Skjei.
16:54 of 2nd period - Deflect By Sebastian Collberg.
16:54 of 2nd period - Stopped by Mike Condon with a rebound.
17:24 of 2nd period - Slapshot by Josh Jooris.
17:24 of 2nd period - Goal by Josh Jooris - Gangsters : 3 - Mustangs : 6.
17:25 of 2nd period - Stefan Matteau wins face-off versus Tomas Hertl in neutral zone.
18:06 of 2nd period - Dave Dziurzynski is hit by Tomas Tatar and loses puck.
18:43 of 2nd period - Snap shot by Francis Paré.
18:43 of 2nd period - Stopped by Mike Condon with a rebound.
18:45 of 2nd period - Slapshot by Mark Pysyk.
18:45 of 2nd period - Deflect By Tomas Hertl.
18:45 of 2nd period - Stopped by Mike Condon with a rebound.
18:57 of 2nd period - Snap shot by Seth Griffith.
18:57 of 2nd period - Shot Misses the Net.
18:59 of 2nd period - Snap shot by Austen Brassard.
18:59 of 2nd period - Goal by Austen Brassard - Gangsters : 4 - Mustangs : 6.
19:00 of 2nd period - Maxime Sauvé wins face-off versus Stefan Matteau in neutral zone.
19:09 of 2nd period - Wrist shot by Richard Panik.
19:09 of 2nd period - Shot Blocked by Derek Joslin.
19:11 of 2nd period - Snap shot by Matt Delahey.
19:11 of 2nd period - Stopped by Chet Pickard with a rebound.
19:46 of 2nd period - Snap shot by Sebastian Collberg.
19:46 of 2nd period - Stopped by Chet Pickard with a rebound.
19:48 of 2nd period - Snap shot by Alexander Wennberg.
19:48 of 2nd period - Stopped by Chet Pickard with a rebound.
19:50 of 2nd period - Wrist shot by Brett Ponich.
19:50 of 2nd period - Shot Blocked by Scott Mayfield.
19:52 of 2nd period - Snap shot by Morgan Ellis.
19:52 of 2nd period - Shot Misses the Net.
19:54 of 2nd period - Snap shot by Phillip Danault.
19:54 of 2nd period - Shot Misses the Net.
19:56 of 2nd period - Slapshot by Brett Ponich.
19:56 of 2nd period - Shot Blocked by JT Compher.
Goals for this period are 2 for Gangsters vs 2 for Mustangs.
Shots for this period are 13 for Gangsters vs 14 for Mustangs.

3rd period


0:01 of 3rd period - Maxime Sauvé wins face-off versus Stefan Matteau in neutral zone.
0:12 of 3rd period - Snap shot by Stefan Matteau.
0:12 of 3rd period - Deflect By Joshua Leivo.
0:12 of 3rd period - Stopped by Mike Condon without a rebound.
0:13 of 3rd period - Maxime Sauvé wins face-off versus Melker Karlsson in Gangsters zone.
0:13 of 3rd period - Maxime Sauvé is hit by Melker Karlsson.
0:26 of 3rd period - Brady Skjei is hit by Matt Delahey and loses puck.
2:01 of 3rd period - Maxime Sauvé is hit by Josh Jooris.
2:31 of 3rd period - Wrist shot by Stefan Noesen.
2:31 of 3rd period - Stopped by Chet Pickard without a rebound.
2:32 of 3rd period - Maxime Sauvé wins face-off versus Melker Karlsson in Mustangs zone.
2:33 of 3rd period - Wrist shot by Richard Panik.
2:33 of 3rd period - Shot Blocked by Mark Pysyk.
2:39 of 3rd period - Maxime Sauvé is hit by Andrew Shaw and loses puck.
2:58 of 3rd period - Richard Panik is hit by Mark Pysyk and loses puck.
3:05 of 3rd period - Slapshot by Brady Skjei.
3:05 of 3rd period - Deflect By Jim O'Brien.
3:05 of 3rd period - Shot Misses the Net.
3:05 of 3rd period - Puck is out of play.
3:06 of 3rd period - Tomas Hertl wins face-off versus Stefan Matteau in Gangsters zone.
3:06 of 3rd period - Tomas Hertl is hit by Derek Joslin.
3:54 of 3rd period - Slapshot by Jerome Samson.
3:54 of 3rd period - Stopped by Mike Condon with a rebound.
3:56 of 3rd period - Wrist shot by Jerome Samson.
3:56 of 3rd period - Shot Misses the Net.
4:02 of 3rd period - Wrist shot by Jim O'Brien.
4:02 of 3rd period - Shot Misses the Net.
4:18 of 3rd period - Slapshot by Joshua Leivo.
4:18 of 3rd period - Shot Misses the Net.
4:20 of 3rd period - Slapshot by Josh Jooris.
4:20 of 3rd period - Shot Misses the Net.
4:22 of 3rd period - Wrist shot by Josh Jooris.
4:22 of 3rd period - Stopped by Mike Condon with a rebound.
5:22 of 3rd period - Slapshot by Jerome Samson.
5:22 of 3rd period - Stopped by Mike Condon with a rebound.
5:47 of 3rd period - JT Compher is hit by Derrick Pouliot and loses puck.
5:54 of 3rd period - Wrist shot by Dave Dziurzynski.
5:54 of 3rd period - Stopped by Chet Pickard with a rebound.
5:56 of 3rd period - Snap shot by Maxime Sauvé.
5:56 of 3rd period - Stopped by Chet Pickard with a rebound.
5:58 of 3rd period - Snap shot by Derrick Pouliot.
5:58 of 3rd period - Stopped by Chet Pickard with a rebound.
6:00 of 3rd period - Snap shot by Richard Panik.
6:00 of 3rd period - Goal by Richard Panik - Gangsters : 5 - Mustangs : 6.
6:01 of 3rd period - Melker Karlsson wins face-off versus Tomas Hertl in neutral zone.
6:15 of 3rd period - Wrist shot by Tomas Hertl.
6:15 of 3rd period - Shot Misses the Net.
6:17 of 3rd period - Snap shot by Patrik Nemeth.
6:17 of 3rd period - Shot Misses the Net.
6:27 of 3rd period - Matt Delahey is hit by Stefan Matteau and loses puck.
6:55 of 3rd period - Slapshot by Brady Skjei.
6:55 of 3rd period - Stopped by Mike Condon with a rebound.
6:57 of 3rd period - Wrist shot by Stefan Matteau.
6:57 of 3rd period - Deflect By Morgan Ellis.
6:57 of 3rd period - Stopped by Mike Condon with a rebound.
8:26 of 3rd period - Off-side.
8:27 of 3rd period - Jim O'Brien wins face-off versus Tomas Hertl in neutral zone.
8:36 of 3rd period - Snap shot by Jerome Samson.
8:36 of 3rd period - Stopped by Mike Condon with a rebound.
8:47 of 3rd period - Minor Penalty to Scott Mayfield for Interference.
8:48 of 3rd period - Melker Karlsson wins face-off versus Maxime Sauvé in Mustangs zone.
9:23 of 3rd period - Melker Karlsson is hit by Stefan Noesen and loses puck.
9:36 of 3rd period - Tomas Tatar is hit by Morgan Ellis and loses puck.
10:47 of 3rd period - Penalty to Scott Mayfield is over, Scott Mayfield is back on ice.
11:16 of 3rd period - Slapshot by Mark Pysyk.
11:16 of 3rd period - Shot Blocked by Austen Brassard.
11:38 of 3rd period - David Pope is hit by Josh Jooris and loses puck.
12:29 of 3rd period - Brett Ponich is hit by Josh Jooris.
13:26 of 3rd period - Patrik Nemeth is hit by JT Compher and loses puck.
14:02 of 3rd period - Derrick Pouliot is hit by Andrew Shaw and loses puck.
14:21 of 3rd period - Tomas Hertl is hit by Francis Paré and loses puck.
14:30 of 3rd period - Wrist shot by David Pope.
14:30 of 3rd period - Stopped by Chet Pickard with a rebound.
14:32 of 3rd period - Backhand shot by Jonas Brodin.
14:32 of 3rd period - Stopped by Chet Pickard without a rebound.
14:33 of 3rd period - Josh Jooris wins face-off versus Maxime Sauvé in Mustangs zone.
14:57 of 3rd period - Morgan Ellis is hit by Melker Karlsson and loses puck.
15:04 of 3rd period - Melker Karlsson is hit by Phillip Danault and loses puck.
15:15 of 3rd period - Andrew Shaw is hit by Richard Panik and loses puck.
15:30 of 3rd period - Snap shot by Jerome Samson.
15:30 of 3rd period - Shot Misses the Net.
16:54 of 3rd period - Minor Penalty to Ben Harpur for Goalie Interference.
16:55 of 3rd period - Dave Dziurzynski wins face-off versus Melker Karlsson in Mustangs zone.
17:29 of 3rd period - Slapshot by Morgan Ellis.
17:29 of 3rd period - Shot Blocked by Brady Skjei.
18:16 of 3rd period - Patrik Nemeth is hit by Stefan Matteau and loses puck.
18:41 of 3rd period - Josh Jooris is hit by Morgan Ellis.
18:54 of 3rd period - Penalty to Ben Harpur is over, Ben Harpur is back on ice.
18:54 of 3rd period - Joshua Leivo is hit by Seth Griffith and loses puck.
19:03 of 3rd period - Gangsters, Mike Condon is pulled from the net.
19:05 of 3rd period - Wrist shot by Richard Panik.
19:05 of 3rd period - Stopped by Chet Pickard without a rebound.
19:06 of 3rd period - Jack Capuano call a timeout for Gangsters.
19:06 of 3rd period - Richard Panik wins face-off versus Melker Karlsson in Mustangs zone.
19:19 of 3rd period - Snap shot by Maxime Sauvé.
19:19 of 3rd period - Shot Blocked by Brady Skjei.
19:21 of 3rd period - Snap shot by Jonas Brodin.
19:21 of 3rd period - Deflect By Maxime Sauvé.
19:21 of 3rd period - Stopped by Chet Pickard with a rebound.
19:23 of 3rd period - Snap shot by Maxime Sauvé.
19:23 of 3rd period - Stopped by Chet Pickard without a rebound.
19:24 of 3rd period - Melker Karlsson wins face-off versus Maxime Sauvé in Mustangs zone.
Goals for this period are 1 for Gangsters vs 0 for Mustangs.
Shots for this period are 10 for Gangsters vs 7 for Mustangs.